 Dungeon Crawl Stone Soup version 0.20.1-1-g8b1a95d (webtiles) character file.

5742 kae the Spear-Bearer (level 10, -9/66 HPs)
             Began as a Gargoyle Fighter on Sept 24, 2017.
             Was a Follower of Makhleb.
             Mangled by a two-headed ogre
             ... wielding a +0 giant club
              (11 damage)
             ... on level 9 of the Dungeon.
             The game lasted 00:09:30 (7118 turns).

kae the Spear-Bearer (Gargoyle Fighter)             Turns: 7118, Time: 00:09:31

Health: -9/66      AC: 17    Str: 23    XL:     10   Next: 77%
Magic:  12/12      EV: 12    Int:  9    God:    Makhleb [*.....]
Gold:   360        SH: 12    Dex: 14    Spells: 9/9 levels left

rFire    + + .     SeeInvis .   a - +1 trident
rCold    + . .     Gourm    .   h - +2 shield
rNeg     + + .     Faith    .   b - +0 scale mail
rPois    ∞         Spirit   .   (no helmet)
rElec    +         Reflect  .   (no cloak)
rCorr    +         Harm     .   j - +1 pair of gloves
MR       .....                  (no boots)
Stlth    +.........             (no amulet)
Regen    0.3/turn               q - ring of positive energy
MPRegen  0.2/turn               m - ring of protection from fire

@: agile, resistant
A: negative energy resistance 1, electricity resistance, unbreathing,
petrification resistance, rot immunity, AC +7
a: Renounce Religion


You were on level 9 of the Dungeon.
You worshipped Makhleb.
Makhleb was aware of your devotion.
You were not hungry.

You visited 2 branches of the dungeon, and saw 10 of its levels.

You collected 360 gold pieces.

Inventory:

Hand Weapons
 a - a +1 trident (weapon)
Armour
 b - a +0 scale mail (worn)
 h - a +2 shield (worn)
 j - a +1 pair of gloves (worn)
Jewellery
 e - an uncursed ring of wizardry
 m - a ring of protection from fire (right hand)
 q - a ring of positive energy (left hand)
Wands
 d - a wand of digging (7/24)
 i - a wand of iceblast (4/15)
 z - a wand of polymorph (7/24)
 A - a wand of random effects (13/48)
Scrolls
 c - a scroll of amnesia
 l - 2 scrolls of identify
 n - 2 scrolls of remove curse
 r - 4 scrolls of enchant armour
 t - 2 scrolls of enchant weapon
 v - 2 scrolls of teleportation
Potions
 o - 2 potions of haste
 s - a potion of ambrosia
 u - a potion of agility
 x - a potion of flight
Comestibles
 f - 6 bread rations
 g - 3 royal jellies
 k - a fruit
 p - 5 meat rations


   Skills:
 + Level 9.1 Fighting
 * Level 10.4 Polearms
 + Level 9.0 Armour
 - Level 3.2 Shields
 + Level 3.0 Invocations


You had 9 spell levels left.
You didn't know any spells.

Dungeon Overview and Level Annotations

Branches:
Dungeon (9/15)             Temple (1/1) D:7
   Lair: D:8-11         Orc: D:9-12

Altars:
Ashenzari
Cheibriados
Dithmenos
Elyvilon
Fedhas
Gozag
Hepliaklqana
Kikubaaqudgha
Makhleb
Okawaru
Qazlal
Ru
Sif Muna
Trog
Vehumet
Xom
Yredelemnul
Zin
The Shining One


Innate Abilities, Weirdness & Mutations

You are resistant to torment.
Your stone body is resilient. (AC +7)
You are immune to poison.
You resist negative energy. (rN+)
You are resistant to electric shocks. (rElec)
You can survive without breathing.
You are immune to petrification.
You are immune to rotting.


Message History

The two-headed ogre barely misses you.
The two-headed ogre hits you with a giant spiked club.
* * * LOW HITPOINT WARNING * * *
You hear an angry hiss.
You hear a shout! x2
You barely miss the two-headed ogre.
The two-headed ogre is heavily wounded.
The two-headed ogre hits you but does no damage.
The two-headed ogre barely misses you.
It was a potion of resistance.
You feel protected.
Okay, then.
You hit the two-headed ogre.
The two-headed ogre is heavily wounded.
The two-headed ogre hits you with a giant club!
* * * LOW HITPOINT WARNING * * *
The two-headed ogre barely misses you.
You barely miss the two-headed ogre.
The two-headed ogre is heavily wounded.
The two-headed ogre hits you with a giant club!
You die...

#.......# #..h....#
#.......# #.......#
#.......+ . #.......#
##. #.......# #..
####†# #.# ##.@Oh# #.#
#..#### #.# #.## #.#
#.# #####.### ###'####
#.......# #......#
#.......# #......###
#.......#
#......'.#####.......#
#......#....##.......#


You could see a two-headed ogre and a howler monkey.

Vanquished Creatures
  Pikel (D:6)
  The ghost of kae the Covered, a novice GrFi of Makhleb (D:6)
  Joseph (D:7)
  A troll (D:9)
  A hippogriff (D:5)
  Sigmund (D:6)
  10 yaks
  Duvessa (D:6)
  An orc warrior (D:8)
  2 sky beasts (D:5)
  2 slaves (D:6)
  4 ogres
  A gnoll sergeant (D:7)
  3 bullfrogs
  Dowan (D:6)
  2 scorpions
  6 howler monkeys
  A crimson imp (D:7)
  3 jellies
  A quasit (D:6)
  8 hounds
  2 bullfrog zombies
  An orc priest (D:4)
  A centaur skeleton (D:7)
  3 orc wizards
  4 bullfrog skeletons
  3 iguanas
  5 worker ants
  2 hound zombies
  6 gnolls
  10 adders
  A howler monkey skeleton (D:6)
  5 shadow imps
  An adder zombie (D:7)
  An adder skeleton (D:4)
  5 worms
  A dart slug (D:1)
  4 leopard geckos
  12 orcs
  6 bats
  11 giant cockroaches
  8 goblins
  7 hobgoblins
  13 jackals
  2 quokkas (D:3)
  3 ball pythons (D:5)
  5 frilled lizards
  9 kobolds
  A quokka skeleton (D:4)
  8 rats
192 creatures vanquished.

Vanquished Creatures (others)
  A slave (D:6)
1 creature vanquished.

Grand Total: 193 creatures vanquished

Notes
Turn   | Place    | Note
-------+----------+-------------------------------------------
     0 | D:1      | kae the Gargoyle Fighter began the quest for the Orb.
     0 | D:1      | Reached XP level 1. HP: 14/14 MP: 1/1
   109 | D:1      | Reached skill level 2 in Polearms
   130 | D:1      | Reached XP level 2. HP: 19/19 MP: 2/2
   617 | D:1      | Reached XP level 3. HP: 24/24 MP: 3/3
   844 | D:2      | Reached XP level 4. HP: 29/29 MP: 4/4
   851 | D:2      | Reached skill level 3 in Polearms
  1033 | D:2      | Found a glowing golden altar of the Shining One.
  1033 | D:2      | Found a glowing silver altar of Zin.
  1382 | D:2      | Found a shimmering altar of Xom.
  1383 | D:2      | Found a hazy altar of Hepliaklqana.
  1666 | D:3      | Reached XP level 5. HP: 27/33 MP: 5/5
  2081 | D:3      | Reached skill level 4 in Polearms
  2271 | D:4      | Reached XP level 6. HP: 39/39 MP: 6/6
  2629 | D:4      | Reached skill level 5 in Fighting
  2629 | D:4      | Reached XP level 7. HP: 43/44 MP: 7/7
  2642 | D:4      | Reached skill level 5 in Armour
  2786 | D:4      | Reached skill level 5 in Polearms
  3002 | D:5      | Entered Level 5 of the Dungeon
  3096 | D:5      | Noticed a hippogriff
  3110 | D:5      | Killed a hippogriff
  3438 | D:5      | Reached skill level 6 in Polearms
  3438 | D:5      | Reached XP level 8. HP: 48/51 MP: 8/8
  3723 | D:6      | Noticed kae's ghost (novice GrFi)
  3739 | D:6      | Killed kae's ghost
  3739 | D:6      | Reached skill level 7 in Polearms
  4004 | D:6      | Noticed Sigmund
  4020 | D:6      | Killed Sigmund
  4020 | D:6      | Reached XP level 9. HP: 56/56 MP: 9/9
  4210 | D:6      | Noticed Dowan
  4211 | D:6      | Noticed Duvessa
  4224 | D:6      | Killed Duvessa
  4224 | D:6      | Reached skill level 8 in Polearms
  4229 | D:6      | Killed Dowan
  4360 | D:6      | Noticed Pikel
  4392 | D:6      | Killed Pikel
  4759 | D:7      | Reached skill level 9 in Polearms
  4764 | D:7      | Noticed Joseph
  5071 | D:7      | Reached XP level 10. HP: 43/64 MP: 10/10
  5102 | D:7      | Killed Joseph
  5417 | D:7      | Found a staircase to the Ecumenical Temple.
  5423 | Temple   | Entered the Ecumenical Temple
  5485 | Temple   | Became a worshipper of Makhleb the Destroyer
  6036 | D:8      | Reached skill level 1 in Invocations
  6054 | D:8      | Reached skill level 10 in Polearms
  6091 | D:8      | Reached * piety under Makhleb
  7093 | D:9      | Noticed a two-headed ogre
  7117 | D:9      | HP: 2/66 [two-headed ogre/giant club (13)]
  7118 | D:9      | Mangled by a two-headed ogre

Skill      XL: |  1  2  3  4  5  6  7  8  9 10 |
---------------+-------------------------------+-----
Polearms       | 2 3 4 6 7 9 10 | 10.4
Fighting       | 4 5 6 8 9 |  9.1
Armour         | 4 5 6 8 9 |  9.0
Invocations    | 3 |  3.0
Shields        | |  3.2

Action                   |  1- 3 |  4- 6 |  7- 9 | 10-12 || total
-------------------------+-------+-------+-------+-------++-------
Melee: Trident           |   154 |   277 |   351 |   343 ||  1125
  Use: Scroll            |     2 |     5 |     6 |     4 ||    17
       Potion            |       |     4 |     5 |     3 ||    12
 Stab: Distracted        |       |       |     1 |       ||     1
  Eat: Chunk             |       |     6 |     9 |     7 ||    22
Armor: Scale mail        |    75 |   140 |   124 |    96 ||   435
       Skin              |       |       |     9 |       ||     9
Dodge: Dodged            |    55 |    74 |    78 |    54 ||   261
Block: Shield            |    69 |   180 |   117 |   129 ||   495
